 Dungeon Crawl Stone Soup version 0.28-a0-1415-g7c84da036a (webtiles) character file.

Game seed: 15574510052999837408

15234 blank1 the Thaumaturge (level 12, -10/91 HPs)
             Began as a Djinni Fire Elementalist on Jan 7, 2022.
             Was a Priest of Makhleb.
             Mangled by a komodo dragon (29 damage)
             ... on level 2 of the Lair of Beasts.
             The game lasted 00:52:38 (19294 turns).

blank1 the Thaumaturge (Djinni Fire Elementalist)  Turns: 19294, Time: 00:52:38

Health: -10/91     AC:  8    Str: 11    XL:     12   Next: 55%
Gold:   673        EV: 17    Int: 19    God:    Makhleb [***...] SH:  0 Dex: 17

rFire   + + .      SeeInvis .   l - +3 short sword (venom)
rCold   . . .      Faith    .   (no shield)
rNeg    . . .      Spirit   .   p - +2 leather armour "Nufyur" {rC+ Str+4}
rPois   ∞          Reflect  .   F - +0 helmet
rElec   .          Harm     .   x - +0 cloak
rCorr   .          Rampage  .   b - +0 pair of gloves
Will    +....                   (boots unavailable)
Stlth   +++.......              s - amulet of the acrobat
HPRegen 0.25/turn               d - ring of wizardry
MPRegen 0.00/turn               g - ring of wizardry

@: flying
A: sickness immunity, fire resistance 2, cold vulnerability 1, float, innate
caster, hp casting, extra vitality 1
a: Renounce Religion, Minor Destruction, Lesser Servant of Makhleb


You were on level 2 of the Lair of Beasts.
You worshipped Makhleb.
Makhleb was most pleased with you.
You visited 4 branches of the dungeon, and saw 15 of its levels.

You collected 673 gold pieces.

Inventory:

Hand Weapons
 l - a +3 short sword of venom (weapon)
Missiles
 E - a throwing net
Armour
 b - a +0 pair of gloves (worn)
 p - the +2 leather armour "Nufyur" (worn) {rC+ Str+4}
   (You found it on level 4 of the Dungeon)

   Str:       It affects your strength (+4).
   rC:        It protects you from cold.
 x - a +0 cloak (worn)
 F - a +0 helmet (worn)
Magical Staves
 v - a staff of cold
Jewellery
 a - a ring of resist corrosion
 d - a ring of wizardry (left hand)
 g - a ring of wizardry (right hand)
 s - an amulet of the acrobat (around neck)
 y - a ring of see invisible
Wands
 n - a wand of digging (8)
 t - a wand of iceblast (18)
 w - a wand of paralysis (3)
 z - a wand of acid (8)
 C - a wand of charming (2)
 D - a wand of flame (9)
Scrolls
 c - a scroll of enchant weapon
 e - 4 scrolls of teleportation
 f - a scroll of magic mapping
 u - a scroll of fog
 A - 4 scrolls of blinking {unknown}
 B - a scroll of enchant armour {unknown}
Potions
 h - a potion of haste
 i - 6 potions of curing
 j - 2 potions of heal wounds {unknown}
 k - 7 potions of attraction
 m - a potion of ambrosia
 o - 3 potions of lignification {unknown}
 q - a potion of brilliance {unknown}
 r - 2 potions of resistance


   Skills:
 - Level 10.0 Fighting
 - Level 3.0 Armour
 - Level 10.0 Dodging
 - Level 6.0 Stealth
 + Level 10.2 Spellcasting


You had 6 spell levels left.
You knew the following spells:

 Your Spells              Type           Power      Damage    Failure   Level
a - Foxfire               Conj/Fire      100%       2x1d9     1%          1
b - Scorch                Fire           96%        2d9       1%          2
c - Conjure Flame         Conj/Fire      48%        6-21      1%          3
d - Inner Flame           Hex/Fire       48%        N/A       1%          3
e - Flame Wave            Conj/Fire      48%        2d8       1%          4
f - Freeze                Ice            100%       1d11      1%          1
g - Blink                 Tloc           96%        N/A       1%          2
h - Searing Ray           Conj           96%        2d7       1%          2
i - Ignite Poison         Fire/Tmut/Pois 48%        N/A       1%          3
j - Iskenderun's Mystic   Conj/Tloc      48%        2d11      1%          4
Your spell library was empty.

Dungeon Overview and Level Annotations

Branches:
Dungeon (11/15)            Temple (1/1) D:4            Lair (2/6) D:8
    Orc (1/2) D:10
  Swamp: Lair:2-4    Shoals: Lair:2-4     Snake: Lair:2-4    Spider: Lair:2-4

Altars:
Ashenzari
Cheibriados
Dithmenos
Fedhas
Gozag
Kikubaaqudgha
Makhleb
Nemelex Xobeh
Qazlal
Ru
Sif Muna
Trog
Uskayaw
Vehumet
Wu Jian
Xom
Yredelemnul
Zin

Shops:
D:3 [   D:10 [

Annotations:
Lair:1 1 runed translucent door, Afour's ghost, journeyman DjFE


Innate Abilities, Weirdness & Mutations

You are immune to sickness and miasma.
You are immune to poison.
Your flesh is very heat resistant. (rF++)
You are vulnerable to cold. (rC-)
You float through the air rather than walking.
You learn spells naturally, not from books.
Your magical power is your life essence.
You have superior vitality. (+4 MHP)


Message History

Flames lash the cane toad but do no damage.
The cane toad misses you.
Casting: Scorch (safe; 1% risk of failure)
Confirm with . or Enter, or press ? or * to list all spells.
Flames lash the komodo dragon.
The komodo dragon is moderately wounded.
The komodo dragon's fire resistance burns away.
You hear a trumpeting!
The cane toad completely misses you. The cane toad misses you.
Casting: Scorch (safe; 1% risk of failure)
Confirm with . or Enter, or press ? or * to list all spells.
Flames lash the komodo dragon.
The komodo dragon is burned terribly!
The komodo dragon is heavily wounded.
A scorpion comes into view.
The komodo dragon misses you.
The cane toad stings you but does no damage.
Casting: Scorch (safe; 1% risk of failure)
Confirm with . or Enter, or press ? or * to list all spells.
Flames lash the scorpion.
The scorpion is heavily wounded.
The scorpion's fire resistance burns away.
The komodo dragon bites you!!
* * * LOW HITPOINT WARNING * * *
The cane toad closely misses you.
Casting: Scorch (safe; 1% risk of failure)
Confirm with . or Enter, or press ? or * to list all spells.
You erupt in a blast of force!
The mystic blast hits the scorpion.
The scorpion is severely wounded.
The scorpion is knocked back by the mystic blast.
The mystic blast hits the plant.
The plant begins to die.
The plant is lightly damaged.
The mystic blast hits the cane toad!
The cane toad is severely wounded.
The cane toad is knocked back by the mystic blast.
The mystic blast hits the komodo dragon but does no damage.
The komodo dragon is heavily wounded.
* * * LOW HITPOINT WARNING * * *
The komodo dragon barely misses you.
You feel better. The komodo dragon bites you!!
You die...

.... #.. # ....
#... ... . #.#.
.. .. ##.. ...
###..##
....#PP...## .
.........l.#....
........@F..s...
.###..#.########
## ###


You could see a komodo dragon (combustible), a cane toad (combustible) and a
scorpion (combustible).

Vanquished Creatures
  A hydra (Lair:2)
  Harold (Lair:1)
  A two-headed ogre (D:11)
  Urug (Lair:1)
  3 elephants (Lair:1)
  Maurice (D:9)
  5 cane toads
  Psyche (D:9)
  A kobold demonologist (D:9)
  4 komodo dragons
  2 trolls
  A hornet (Lair:2)
  20 yaks
  A wraith (D:10)
  A shadow (D:9)
  A warg (D:10)
  2 acid dragons (D:10)
  5 water moccasins
  6 orc warriors
  2 black bears (D:5)
  A sky beast (D:7)
  2 ogres
  4 kobold brigands
  2 wyvern zombies
  2 scorpions
  A bullfrog (Lair:2)
  A wyvern skeleton (D:6)
  9 killer bees (D:9)
  4 wights (D:8)
  2 howler monkeys (D:7)
  An electric eel (Lair:2)
  4 centaur zombies
  4 jellies
  2 bullfrog skeletons
  4 hounds
  13 orc priests
  2 iguanas
  A scorpion zombie (D:5)
  4 orc wizards
  2 killer bee zombies (D:8)
  3 hound skeletons
  13 gnolls
  2 adders
  A shadow imp (D:5)
  2 white imps
  An adder skeleton (D:4)
  3 worms
  5 dart slugs
  29 orcs
  12 ball pythons
  9 bats
  15 endoplasms
  5 giant cockroaches
  6 goblins
  7 hobgoblins
  4 jackals (D:2)
  17 kobolds
  6 quokkas
  6 frilled lizards
  6 rats
277 creatures vanquished.

Vanquished Creatures (others)
  A deep elf pyromancer (D:9)
  3 kobolds (D:9)
  657 foxfires
  7 fungi (Lair:2)
  13 plants
681 creatures vanquished.

Grand Total: 958 creatures vanquished

Notes
Turn   | Place    | Note
-------+----------+-------------------------------------------
     0 | D:1      | blank1 the Djinni Fire Elementalist began the quest for the
                  | Orb.
     0 | D:1      | Reached XP level 1. HP: 15/15 MP: 0/0
    52 | D:1      | Found a faded altar of an unknown god.
   274 | D:1      | Reached XP level 2. HP: 21/22 MP: 0/0
   670 | D:1      | Reached skill level 1 in Fighting
   676 | D:1      | Reached XP level 3. HP: 23/27 MP: 0/0
   676 | D:1      | Learned a level 1 spell: Freeze
  1547 | D:2      | Reached XP level 4. HP: 29/32 MP: 0/0
  2134 | D:2      | Reached XP level 5. HP: 27/38 MP: 0/0
  2134 | D:2      | Learned a level 2 spell: Blink
  2672 | D:3      | Found an ornate altar of the Wu Jian Council.
  3392 | D:3      | Found Tiynworha's Antique Armour Boutique.
  3437 | D:3      | Found an opulent altar of Gozag.
  3437 | D:3      | Found a sacrificial altar of Ru.
  3531 | D:3      | Reached XP level 6. HP: 39/43 MP: 0/0
  4231 | D:4      | Found a staircase to the Ecumenical Temple.
  4242 | Temple   | Entered the Ecumenical Temple
  4324 | Temple   | Became a worshipper of Makhleb the Destroyer
  4820 | D:4      | Identified the +2 leather armour "Nufyur" {rC+ Str+4}
  5134 | D:4      | Reached skill level 1 in Armour
  5134 | D:4      | Reached skill level 5 in Dodging
  5297 | D:4      | Reached XP level 7. HP: 37/49 MP: 0/0
  5297 | D:4      | Learned a level 2 spell: Searing Ray
  5520 | D:5      | Entered Level 5 of the Dungeon
  6017 | D:5      | Reached * piety under Makhleb
  6171 | D:5      | Reached skill level 5 in Spellcasting
  6389 | D:5      | Reached XP level 8. HP: 38/56 MP: 0/0
  8347 | D:6      | Noticed a troll
  8520 | D:6      | Killed a troll
  8853 | D:7      | Reached XP level 9. HP: 56/62 MP: 0/0
  8853 | D:7      | Learned a level 3 spell: Ignite Poison
  8941 | D:7      | Found a broken altar of Ashenzari.
  9167 | D:7      | Reached skill level 5 in Fighting
  9886 | D:7      | Found a sparkling altar of Nemelex Xobeh.
  9949 | D:7      | Found a hide-covered altar of Uskayaw.
  9953 | D:7      | Found a blossoming altar of Fedhas.
  9958 | D:7      | Found a shimmering altar of Xom.
 10327 | D:8      | Reached ** piety under Makhleb
 10675 | D:7      | Reached XP level 10. HP: 35/72 MP: 0/0
 12390 | D:8      | Found a staircase to the Lair.
 12606 | D:9      | Noticed Maurice
 12617 | D:9      | Killed Maurice
 12714 | D:9      | Noticed a kobold demonologist
 12895 | D:9      | Killed a kobold demonologist
 12982 | D:9      | Reached XP level 11. HP: 74/79 MP: 0/0
 12982 | D:9      | Learned a level 4 spell: Iskenderun's Mystic Blast
 13438 | D:9      | Noticed a deep elf pyromancer
 13458 | D:9      | Killed a deep elf pyromancer
 13547 | D:9      | Noticed Psyche
 13548 | D:9      | Upgraded the game from 0.28-a0-1412-gf95308ed99 to
                  | 0.28-a0-1415-g7c84da036a
 13563 | D:9      | Killed Psyche
 14043 | D:10     | Entered Level 10 of the Dungeon
 14156 | D:10     | Found a snail-covered altar of Cheibriados.
 14175 | D:10     | Identified the +3 robe of the Sun {rPois}
 14333 | D:10     | Reached skill level 10 in Spellcasting
 14369 | D:10     | Found Kezat's Antique Armour Shop.
 14498 | D:10     | Reached *** piety under Makhleb
 14840 | D:10     | Found a staircase to the Orcish Mines.
 15226 | Orc:1    | Entered Level 1 of the Orcish Mines
 15476 | D:11     | Noticed a two-headed ogre
 15480 | D:11     | Killed a two-headed ogre
 15693 | Lair:1   | Entered Level 1 of the Lair of Beasts
 15889 | Lair:1   | Found a runed translucent door.
 15890 | Lair:1   | Noticed Afour's ghost (journeyman DjFE)
 15890 | Lair:1   | Noticed a boulder beetle
 15932 | Lair:1   | Noticed Urug
 16213 | Lair:1   | Noticed Harold
 16703 | Lair:1   | Killed Harold
 17031 | Lair:1   | Killed Urug
 17032 | Lair:1   | Reached XP level 12. HP: 76/90 MP: 0/0
 17641 | Lair:1   | Reached skill level 10 in Fighting
 18056 | Lair:1   | Reached skill level 10 in Dodging
 18119 | Lair:1   | Reached skill level 5 in Stealth
 18552 | Lair:2   | Noticed a seven-headed hydra
 18559 | Lair:2   | Killed a seven-headed hydra
 19294 | Lair:2   | Mangled by a komodo dragon

Illustrated notes

Levels and vault maps discovered:
D:1:      dpeg_arrival_connections, layout_loops_ring,
          dreamdust_ecumenical_altar_angels_and_demons, nrook_mini_vaults
D:2:      layout_basic, minmay_cut_off
D:3:      minmay_chambers_of_threes, layout_loops_ring, general_overflow_altar,
          mainiacjoe_overflow_divided_tiny, serial_glass, glass_columns_c,
          glass_columns_a, serial_shops, shop
D:4:      layout_loops_corners, minmay_temple_entry_offerings
D:5:      black_bear_nest_2, layout_basic
D:6:      layout_basic
D:7:      layout_basic, nemelex_spade_bored_becter, cheibrodos_ashenzari_chains,
          grunt_temple_overflow_diamond, grunt_ministairs_7,
          minmay_misc_feat_square, bh_walls_and_bars
D:8:      layout_loops_cross, lair_entry_dummy
D:9:      layout_rooms, minmay_misc_feat_encased, lemuel_old_faithful,
          uniq_maurice, uniq_psyche
D:10:     layout_loops_ring, kennysheep_slug_shrine, erik_orc_3, serial_shops,
          shop
D:11:     layout_layer_cave
Temple:   oiseaux_autumnal_temple
Lair:1:   layout_misc_corridors, ebering_ghost_inner_flame,
          infiniplex_staircase_pool, uniq_harold, uniq_urug
Lair:2:   layout_chaotic_city, nicolae_spider_entry_non_spiders,
          nzn_ghost_randoct, serial_bayou_lagoon_b
Orc:1:    layout_diamond_mine, basic_altar

Skill      XL: |  1  2  3  4  5  6  7  8  9 10 11 12 |
---------------+-------------------------------------+-----
Fighting       | 1 2 3 4 6 7 9 10 | 10.0
Stealth        | 2 3 4 6 |  6.0
Dodging        | 3 5 6 7 9 10 | 10.0
Spellcasting   | 3 4 5 6 7 9 10 | 10.2
Armour         | 1 2 3 |  3.0

Action                   |  1- 3 |  4- 6 |  7- 9 | 10-12 || total
-------------------------+-------+-------+-------+-------++-------
Melee: Dagger            |     5 |     1 |       |       ||     6
       Short sword       |       |     8 |     3 |     9 ||    20
 Cast: Foxfire           |    62 |   107 |    77 |   139 ||   385
       Scorch            |     2 |    47 |    91 |   227 ||   367
       Freeze            |     3 |       |       |     6 ||     9
       Conjure Flame     |       |     2 |     5 |     8 ||    15
       Blink             |       |     1 |       |     1 ||     2
       Flame Wave        |       |       |     3 |     7 ||    10
       Iskenderun's Myst |       |       |       |    44 ||    44
       Searing Ray       |       |       |       |     3 ||     3
  Use: Scroll            |       |       |    11 |     5 ||    16
       Potion            |       |       |       |     1 ||     1
 Stab: Sleeping          |     1 |     4 |     2 |     2 ||     9
       Distracted        |       |     1 |       |       ||     1
Armor: Robe              |     1 |     6 |       |       ||     7
       Leather armour    |       |     9 |    15 |    57 ||    81
Dodge: Dodged            |     8 |    19 |    44 |   179 ||   250

Table legend: (Time is in decaauts)
 A = Elapsed time spent in this place.
 B = Non-inter-level travel time spent in this place.
 C = Inter-level travel time spent in this place.
 D = Time resting spent in this place.
 E = Time spent auto-exploring this place.
 F = Levels seen in this place.
 G = Mean time per level.
                   A        B        C        D        E       F      G
               +--------+--------+--------+--------+--------+-----+--------+
         Total |  19317 |  18377 |    940 |   5435 |  10158 |  15 | 1287.8 |
       Dungeon |  15560 |  14817 |    743 |   3426 |   9499 |  11 | 1414.5 |
        Temple |    114 |     83 |     31 |      0 |     67 |   1 |  114.0 |
          Lair |   3611 |   3445 |    166 |   2009 |    592 |   2 | 1805.5 |
  Orcish Mines |     29 |     29 |      0 |      0 |      0 |   1 |   29.0 |
               +--------+--------+--------+--------+--------+-----+--------+

Top non-repeatable levels by time:
  Lair:1: 3225 daAuts
     D:7: 2329 daAuts
     D:6: 1931 daAuts
     D:8: 1749 daAuts
     D:3: 1524 daAuts
     D:9: 1471 daAuts
     D:2: 1453 daAuts
     D:5: 1338 daAuts
     D:4: 1268 daAuts
    D:10: 1201 daAuts
     D:1: 1157 daAuts
  Lair:2: 386 daAuts
    D:11: 134 daAuts
  Temple: 114 daAuts
   Orc:1: 29 daAuts
